 Dungeon Crawl Stone Soup version 0.17.1-3-g152610e (webtiles) character file.

4424 inmateoo the Arsonist (level 10, -2/61 HPs)
             Began as a Deep Elf Fire Elementalist on Feb 22, 2016.
             Killed by the air
             ... invoked by Gastronok
              (28 damage)
             ... on level 8 of the Dungeon.
             The game lasted 00:16:12 (7391 turns).

inmateoo the Arsonist (Deep Elf Fire Elementalist)  Turns: 7391, Time: 00:16:13

Health: -2/61      AC:  7    Str:  8    XL:     10   Next: 14%
Magic:  8/22       EV: 19    Int: 28    God:
Gold:   522        SH:  0    Dex: 15    Spells: 5 memorised, 6 levels left

rFire  . . .     SeeInvis .     g - +5 short sword (elec)
rCold  + . .     Clarity  .     x - +1 robe {rC+}
rNeg   + . .     SustAt   .     (no shield)
rPois  +         Gourm    .     (helmet restricted)
rElec  .         Spirit   .     (no cloak)
rCorr  .         Warding  .     F - +2 pair of gloves
rMut   .         Stasis   .     l - +0 pair of boots
MR     +....                    (no amulet)
Stlth  ++++......               m - ring of Oniog {+Inv rPois rN+ Str+2 Int+5}
                                q - +3 ring of evasion

@: somewhat resistant to hostile enchantments, stealthy
A: horns 2, robust 1
a: Evoke Invisibility


You were on level 8 of the Dungeon.
You were near starving.

You visited 2 branches of the dungeon, and saw 9 of its levels.
You also visited: Ossuary.

You collected 522 gold pieces.

Inventory:

Hand Weapons
 g - a +5 short sword of electrocution (weapon)
Armour
 l - a +0 pair of boots (worn)
 x - a +1 robe of cold resistance (worn)
 F - a +2 pair of gloves (worn)
Jewellery
 m - the ring of Oniog (right hand) {+Inv rPois rN+ Str+2 Int+5}
   (You found it on level 7 of the Dungeon)

   [ring of poison resistance]

   It affects your strength (+2).
   It affects your intelligence (+5).
   It protects you from poison.
   It protects you from negative energy.
   It lets you turn invisible.
 q - a +3 ring of evasion (left hand)
Wands
 b - a wand of paralysis (16)
 v - a wand of enslavement (6)
 w - a wand of paralysis (24)
 y - a wand of cold (8)
 B - a wand of fireball (7)
 D - a wand of random effects (31)
Scrolls
 a - a scroll of recharging
 f - 7 scrolls of teleportation
 i - 9 scrolls of remove curse
 r - a scroll of fog
 z - 2 scrolls of blinking
 E - a scroll of identify
Potions
 e - a potion of might
 h - a potion of haste
 j - 3 potions of ambrosia
 k - 2 potions of brilliance
 o - 2 potions of agility
 s - 3 potions of curing
 t - 2 potions of heal wounds
 A - a potion of lignification
 C - a potion of flight
 G - a potion of magic
Comestibles
 c - 6 bread rations
 d - a meat ration
 n - a royal jelly
 p - 2 fruits
 u - 2 beef jerkies


   Skills:
 + Level 4.0 Fighting
 * Level 6.2 Short Blades
 + Level 6.6 Dodging
 + Level 7.1 Stealth
 + Level 6.7 Spellcasting
 + Level 5.1 Conjurations
 * Level 8.9 Fire Magic


You had 6 spell levels left.
You knew the following spells:

 Your Spells              Type           Power        Failure   Level  Hunger
a - Flame Tongue          Conj/Fire      #####        1%          1    None
b - Spider Form           Trmt/Pois      #.........   17%         3    None
c - Conjure Flame         Conj/Fire      #####...     1%          3    None
d - Sticky Flame          Conj/Fire      #####...     3%          4    ##.....
e - Fireball              Conj/Fire      #####.....   12%         5    #####..


Dungeon Overview and Level Annotations

Branches:
Dungeon (8/15)             Temple (1/1) D:7
   Lair: D:8-11

Altars:
Ashenzari
Cheibriados
Elyvilon
Fedhas
Gozag
Kikubaaqudgha
Qazlal
Sif Muna
Trog
Xom
Yredelemnul
Zin
The Shining One

Shops:
D:5 *=}(   D:6 !

Annotations:
D:2 Robin
D:4 kaze's ghost, amateur TrBe
D:8 Gastronok


Innate Abilities, Weirdness & Mutations

You have a pair of horns on your head.
You are robust (+10% HP).


Message History

Gastronok burns!
Casting: Flame Tongue
Confirm with . or Enter, or press ? or * to list all spells.
Aiming: Sticky Flame
Press: ? - help, Shift-Dir - straight line, f/p - Gastronok
Aim: Gastronok, wearing a glowing hat (severely wounded, covered in liquid flames)
The sticky flame hits Gastronok.
Gastronok is almost dead.
Gastronok is covered in liquid flames!
You are near starving!
Gastronok burns!
Gastronok waves his eye-stalks in wide circles.
The air twists around and strikes you!
* * * LOW HITPOINT WARNING * * *
Drink which item? (? for menu, Esc to quit)
You feel much better.
Gastronok burns!
Gastronok burns!
Gastronok waves his eye-stalks in wide circles.
The air twists around and strikes you!
You die...

#...... ...# #..[... .....# #####
####### .....+ #...#..... +...#.
.....# #....#...#..... #...'.
.....####....#...#.....######..##
##..........##w###.....#...##..##
.#...(......#....#.....#.........
.'..........#...@+.....#.........
.#..........#....#.....#'########
.#..........#....#..............
.#..........#....####+#.........
.#..........#....#>...'.........
.#..........#....+....#..........
##..........#'#######+#.........
.....######..............########
.....#....#..............#.......


You could see Gastronok (burning).

Vanquished Creatures
  An ugly thing (D:8)
  The ghost of F1L1N the Covert, a novice OpAs of Okawaru (D:6)
  Grinder (D:6)
  Prince Ribbit (D:7)
  Sigmund (D:6)
  The ghost of inmateoo the Firebug, an amateur DEFE (D:5)
  Eustachio (D:5)
  A hungry ghost (D:7)
  Edmund (D:5)
  A water moccasin (D:7)
  4 ice beasts
  A black bear (D:6)
  A centaur (D:5)
  2 ogres
  A phantom (D:7)
  3 giant frogs
  Blork the orc (D:5)
  An elf zombie (Ossuary)
  A troll zombie (Ossuary)
  3 scorpions
  6 killer bees (D:7)
  3 hounds
  3 centaur zombies (Ossuary)
  An orc wizard (D:3)
  A giant frog zombie (D:6)
  Ijyb (D:3)
  A human zombie (Ossuary)
  2 orc priests
  A giant frog skeleton (D:5)
  A centaur skeleton (D:7)
  Natasha (twice) (D:2)
  An iguana (D:8)
  2 worker ants (D:5)
  An ogre zombie (Ossuary)
  A hound skeleton (D:7)
  7 mummies (Ossuary)
  4 gnolls
  11 adders
  A shadow imp (D:6)
  9 adder zombies (Ossuary)
  An ooze (D:2)
  An adder skeleton (D:8)
  A worm (D:5)
  6 giant geckos
  10 orcs
  A ball python (D:3)
  4 giant cockroaches
  9 goblins
  9 hobgoblins
  3 quokkas (D:4)
  10 bats
  4 giant newts
  2 goblin zombies (Ossuary)
  A hobgoblin zombie (Ossuary)
  11 kobolds
  3 kobold zombies (Ossuary)
  An orc zombie (Ossuary)
  5 quokka zombies (Ossuary)
  7 rats
  2 rat zombies (Ossuary)
178 creatures vanquished.

Notes
Turn   | Place    | Note
--------------------------------------------------------------
     0 | D:1      | inmateoo the Deep Elf Fire Elementalist began the quest for the Orb.
     0 | D:1      | Reached XP level 1. HP: 10/10 MP: 6/6
   131 | D:1      | Reached XP level 2. HP: 13/15 MP: 2/8
   825 | D:2      | Found a basalt altar of Yredelemnul.
   829 | D:2      | Reached XP level 3. HP: 16/19 MP: 3/9
   869 | D:2      | Learned a level 3 spell: Conjure Flame
   941 | D:2      | Reached skill level 4 in Fire Magic
  1018 | D:2      | Noticed Robin
  1096 | D:2      | Noticed Natasha
  1106 | D:2      | Killed Natasha
  1106 | D:2      | Reached XP level 4. HP: 16/24 MP: 3/11
  1237 | D:2      | Noticed Natasha
  1241 | D:2      | Killed Natasha
  1722 | D:3      | Noticed Ijyb
  1728 | D:3      | Killed Ijyb
  1728 | D:3      | Reached XP level 5. HP: 28/28 MP: 5/12
  1951 | D:3      | Gained mutation: You have a pair of small horns on your head. [potion of mutation]
  1951 | D:3      | Gained mutation: You can spit weak poison. [potion of mutation]
  2114 | D:3      | Found a white marble altar of Elyvilon.
  2177 | D:3      | Reached skill level 1 in Fighting
  2177 | D:3      | Reached skill level 5 in Fire Magic
  2365 | D:4      | Learned a level 4 spell: Sticky Flame
  2438 | D:4      | Found an ancient bone altar of Kikubaaqudgha.
  2491 | D:4      | Found a bloodstained altar of Trog.
  2832 | D:4      | Found a blossoming altar of Fedhas.
  2981 | D:4      | Noticed kaze's ghost (amateur TrBe)
  3362 | D:4      | You fall through a shaft!
  3362 | D:5      | Entered Level 5 of the Dungeon
  3362 | D:5      | Found Sonwegu's Gadget Shoppe.
  3390 | D:5      | Noticed Eustachio
  3400 | D:5      | Reached XP level 6. HP: 34/34 MP: 14/14
  3405 | D:5      | Learned a level 3 spell: Spider Form
  3413 | D:5      | Found Felas's Antique Weapon Boutique.
  3431 | D:5      | Found Qiacs's Jewellery Shoppe.
  3445 | D:5      | Noticed Blork the orc
  3452 | D:5      | Killed Blork the orc
  3458 | D:5      | Noticed a centaur
  3461 | D:5      | Killed a centaur
  3461 | D:5      | Reached skill level 1 in Short Blades
  3489 | D:5      | Found a sand-covered staircase.
  3493 | Ossuary  | Entered an ossuary
  3660 | Ossuary  | Reached XP level 7. HP: 38/38 MP: 12/15
  4017 | Ossuary  | Reached skill level 6 in Fire Magic
  4185 | Ossuary  | Gained mutation: You are robust (+10% HP). [potion of mutation]
  4185 | Ossuary  | Gained mutation: You can spit poison. [potion of mutation]
  4185 | Ossuary  | Lost mutation: You can spit poison. [potion of mutation]
  4189 | Ossuary  | Gained mutation: You have a pair of horns on your head. [potion of beneficial mutation]
  4368 | D:5      | Reached skill level 5 in Stealth
  4531 | D:5      | Noticed inmateoo's ghost (amateur DEFE)
  4637 | D:5      | Killed inmateoo's ghost
  4637 | D:5      | Reached XP level 8. HP: 31/48 MP: 10/17
  4639 | D:5      | Noticed Edmund
  4658 | D:5      | Killed Edmund
  4658 | D:5      | Reached skill level 5 in Dodging
  4658 | D:5      | Reached skill level 5 in Spellcasting
  4774 | D:5      | Killed Eustachio
  4808 | D:5      | Found a shattered altar of Ashenzari.
  4892 | D:5      | Found Touboxur's Assorted Antiques.
  5020 | D:6      | Noticed F1L1N's ghost (novice OpAs)
  5033 | D:6      | Killed F1L1N's ghost
  5033 | D:6      | Reached skill level 7 in Fire Magic
  5160 | D:6      | Found a deep blue altar of Sif Muna.
  5181 | D:6      | Noticed Grinder
  5190 | D:6      | Killed Grinder
  5190 | D:6      | Reached XP level 9. HP: 35/55 MP: 10/19
  5255 | D:6      | Noticed Sigmund
  5373 | D:6      | Killed Sigmund
  5395 | D:6      | Learned a level 5 spell: Fireball
  5601 | D:6      | Found Qubbuiw's Distillery.
  5740 | D:6      | Reached skill level 5 in Short Blades
  5962 | D:7      | Reached skill level 8 in Fire Magic
  6039 | D:7      | Noticed Prince Ribbit
  6046 | D:7      | Killed Prince Ribbit
  6079 | D:7      | Got a warped ivory ring
  6088 | D:7      | Identified the ring of Oniog {+Inv rPois rN+ Str+2 Int+5} (You found it on level 7 of the Dungeon)
  6102 | D:7      | Identified The Foundations of Theurgy
  6115 | D:7      | Found a staircase to the Ecumenical Temple.
  6158 | Temple   | Entered the Ecumenical Temple
  6948 | D:7      | Reached XP level 10. HP: 61/61 MP: 18/21
  7125 | D:8      | Reached skill level 5 in Conjurations
  7127 | D:8      | Noticed a brown ugly thing
  7138 | D:8      | Killed a brown ugly thing
  7312 | D:8      | Lost mutation: You can spit weak poison. [potion of mutation]
  7367 | D:8      | Noticed Gastronok
  7391 | D:8      | Killed from afar by Gastronok

Action                   |  1- 3 |  4- 6 |  7- 9 | 10-12 || total
-------------------------+-------+-------+-------+-------++-------
Melee: Unarmed           |     3 |       |    12 |       ||    15
       Dagger            |     2 |    14 |       |       ||    16
       Short sword       |       |    35 |   136 |    14 ||   185
 Cast: Flame Tongue      |    64 |    82 |   117 |    12 ||   275
       Sticky Flame      |       |     3 |    19 |     4 ||    26
       Conjure Flame     |       |     2 |     3 |     1 ||     6
       Spider Form       |       |       |     1 |       ||     1
  Use: Scroll            |     9 |    10 |     9 |     1 ||    29
       Potion            |     1 |     2 |     5 |     2 ||    10
 Stab: Sleeping          |       |     8 |    11 |     2 ||    21
       Distracted        |       |       |     1 |       ||     1
  Eat: Chunk             |       |     6 |     8 |       ||    14
       Bread ration      |       |     1 |       |       ||     1
       Pizza             |       |       |     2 |       ||     2
